 Dungeon Crawl Stone Soup version 0.23.2-40-g277498a (webtiles) character file.

Game seed: 10092888802099069478

104 Balder the Skirmisher (level 4, -6/35 HPs)
             Began as a Demonspawn Fighter on Sept 6, 2019.
             Mangled by an orc warrior
             ... wielding a +0 war axe
              (11 damage)
             ... on level 3 of the Dungeon.
             The game lasted 00:07:40 (2004 turns).

Balder the Skirmisher (Demonspawn Fighter)          Turns: 2004, Time: 00:07:41

Health: -6/35      AC:  8    Str: 22    XL:     4   Next: 52%
Magic:  4/4        EV:  7    Int:  9    God:
Gold:   105        SH:  9    Dex: 13    Spells: 3/3 levels left

rFire    . . .     SeeInvis .   a - +0 flail
rCold    . . .     Gourm    .   c - +0 shield
rNeg     . . .     Faith    .   b - +0 scale mail
rPois    .         Spirit   .   (no helmet)
rElec    .         Reflect  .   (no cloak)
rCorr    .         Harm     .   (no gloves)
MR       .....                  (no boots)
Stlth    ..........             (no amulet)
HPRegen  0.11/turn              (no ring)
MPRegen  0.09/turn              (no ring)

@: mighty
A: thin metallic scales 1, powered by death 1
a: no special abilities


You were on level 3 of the Dungeon.
You were hungry.

You visited 1 branch of the dungeon, and saw 3 of its levels.

You collected 105 gold pieces.

Inventory:

Hand Weapons
 a - a +0 flail (weapon)
Armour
 b - a +0 scale mail (worn)
 c - a +0 shield (worn)
Jewellery
 e - an uncursed ring of wizardry {unknown}
 h - a cursed ring of teleportation {unknown}
 l - an uncursed ring of see invisible {unknown}
 p - an uncursed ring of see invisible {unknown}
Scrolls
 d - a scroll of magic mapping {unknown}
 f - a scroll of random uselessness {unknown}
 k - a scroll of fear {unknown}
 q - a scroll of identify {unknown}
Potions
 i - a potion of agility {unknown}
 j - 2 potions of resistance {unknown}
 m - 2 potions of mutation {unknown}
 n - a potion of curing {unknown}
 r - a potion of flight {unknown}
Comestibles
 g - 5 chunks of flesh
 o - 2 rations


   Skills:
 * Level 3.4 Fighting
 * Level 2.9 Maces & Flails
 * Level 3.1 Armour
 * Level 0.9 Dodging
 * Level 1.1 Stealth
 * Level 3.0 Shields


You had 3 spell levels left.
You didn't know any spells.
Your spell library was empty.

Dungeon Overview and Level Annotations

Branches:
Dungeon (3/15)

Altars:
Nemelex Xobeh

Annotations:
D:1 1 exclusion


Innate Abilities, Weirdness & Mutations

You are partially covered in thin metallic scales. (AC +2)
You regenerate a little health from kills.


Message History

You hit the orc warrior.
The orc warrior is moderately wounded.
The orc warrior barely misses you.
You hit the orc warrior.
The orc warrior is heavily wounded.
You block the orc warrior's attack.
You hit the orc warrior.
The orc warrior is heavily wounded.
The orc warrior hits you with a +0 war axe!!
Ouch! That really hurt!
* * * LOW HITPOINT WARNING * * *
You sock the orc warrior!
The orc warrior is severely wounded.
The orc warrior hits you with a +0 war axe.
* * * LOW HITPOINT WARNING * * *
The orc warrior closely misses you.
You closely miss the orc warrior.
The orc warrior is severely wounded.
The orc warrior hits you with a +0 war axe!
You die...

#.# . #.# .. #.# #. .#
#. ###.###.# .# #.
....# ..# .# #.
#..###.# .#
###.######...##.##.#
#...o@).....†##....#
....##.#####.........##
. ... ..............#
..... #######....<..#
....... #.......#
....... ##.....##
...#### ##.....## ##.
#.......# #.......#


You could see an orc warrior.

Vanquished Creatures
  An orc wizard (D:3)
  2 adders
  3 dart slugs
  3 orcs (D:3)
  7 bats
  A bat zombie (D:1)
  A giant cockroach (D:1)
  4 goblins
  3 hobgoblins (D:1)
  4 jackals (D:1)
  2 ball pythons
  4 frilled lizards
  5 kobolds
  A quokka zombie (D:1)
  10 rats
51 creatures vanquished.

Notes
Turn   | Place    | Note
-------+----------+-------------------------------------------
     0 | D:1      | Balder the Demonspawn Fighter began the quest for the Orb.
     0 | D:1      | Reached XP level 1. HP: 18/18 MP: 1/1
   223 | D:1      | Gained mutation: You are partially covered in thin metallic
                  | scales. (AC +2) [demonic ancestry]
   223 | D:1      | Reached XP level 2. HP: 21/24 MP: 2/2
   634 | D:1      | Gained mutation: You regenerate a little health from kills.
                  | [demonic ancestry]
   634 | D:1      | Reached XP level 3. HP: 27/29 MP: 3/3
  1386 | D:2      | Found a sparkling altar of Nemelex Xobeh.
  1954 | D:3      | Reached skill level 1 in Stealth
  1954 | D:3      | Reached XP level 4. HP: 16/35 MP: 4/4
  1960 | D:3      | Noticed an orc warrior
  2004 | D:3      | Mangled by an orc warrior

Skill      XL: |  1  2  3 |
---------------+----------+-----
Maces & Flails | 2 |  2.9
Armour         | 3 |  3.1
Stealth        | 1 |  1.1
Shields        | 3 |  3.0
Fighting       | |  3.4
Dodging        | |  0.9

Action                   |  1- 3 |  4- 6 || total
-------------------------+-------+-------++-------
Melee: Flail             |   172 |    32 ||   204
  Use: Potion            |       |     1 ||     1
  Eat: Ration            |     1 |       ||     1
Armor: Scale mail        |   125 |     5 ||   130
Dodge: Dodged            |    67 |    12 ||    79
Block: Shield            |    92 |    21 ||   113
